 Dungeon Crawl Stone Soup version 0.17-a0-1397-g0eee0a3 (webtiles) character file.

58 pyrostar991 the Ruffian (level 3, -1/36 HPs)
             Began as a Troll Monk on June 17, 2015.
             Slain by an ogre
             ... wielding a +0 giant club
              (17 damage)
             ... on level 2 of the Dungeon.
             The game lasted 00:07:46 (1645 turns).

pyrostar991 the Ruffian (Troll Monk)                Turns: 1645, Time: 00:07:46

Health: -1/36      AC:  5    Str: 20    XL:     3   Next: 75%
Magic:  2/2        EV:  5    Int:  6    God:
Gold:   99         SH:  0    Dex: 12    Spells: 0 memorised, 2 levels left

rFire  . . .     SeeInvis .       - Unarmed
rCold  . . .     Clarity  .     a - +0 robe
rNeg   . . .     SustAt   .     (no shield)
rPois  .         Gourm    +     (helmet restricted)
rElec  .         Spirit   .     (no cloak)
rCorr  .         Warding  .     (gloves unavailable)
rMut   .         Stasis   .     (boots unavailable)
MR     .....                    (no amulet)
Stlth  +.........               (no ring)
                                i - ring of invisibility

@: not resistant to hostile enchantments, very unstealthy
A: unfitting armour, claws 3, fast metabolism 3, gourmand, regeneration 2,
shaggy fur 1, tough skin 2
a: Evoke Invisibility


You were on level 2 of the Dungeon.
You were not hungry.

You visited 1 branch of the dungeon, and saw 3 of its levels.

You collected 99 gold pieces.

Inventory:

Armour
 a - a +0 robe (worn)
Jewellery
 i - a ring of invisibility (left claw)
Magical devices
 g - a wand of magic darts (7)
 n - a wand of enslavement (6)
Scrolls
 e - 4 scrolls of identify {unknown}
 f - a scroll of teleportation {unknown}
 j - a scroll of remove curse {unknown}
 o - a scroll of amnesia {unknown}
Potions
 c - a potion of mutation {unknown}
 d - a potion of degeneration {unknown}
 k - a potion of beneficial mutation {unknown}
 l - a potion of heal wounds {unknown}
 m - a potion of might {unknown}
Comestibles
 b - 2 bread rations
 h - a royal jelly
 p - a chunk of flesh


   Skills:
 * Level 2.7 Fighting
 * Level 0.7 Armour
 + Level 3.0 Dodging
 + Level 1.1 Stealth
 + Level 4.5 Unarmed Combat


You had 2 spell levels left.
You didn't know any spells.

Dungeon Overview and Level Annotations

Branches:
Dungeon (3/15)

Altars:
Kikubaaqudgha

Annotations:
D:3 Ijyb


Innate Abilities, Weirdness & Mutations

You are too large for most types of armour.
You have claws for hands.
Your metabolism is lightning-fast.
You like to eat raw meat.
You heal very quickly.
You are covered in fur (AC +1).
You have very tough skin (AC +2).


Message History

The goblin closely misses you.
Use which ability? (? or * to list)
You fail to use your ability.
The ogre hits you with a giant club!!
Ouch! That really hurt!
The ogre hits you with a giant club!
* * * LOW HITPOINT WARNING * * *
The ogre misses you.
Ijyb screams, "Me very upset!"
Ijyb screams, "Me very upset!"
Ijyb screams, "Die!"
The ogre hits you with a giant club!!
Ouch! That really hurt!
* * * LOW HITPOINT WARNING * * *
Ijyb zaps a wand.
You resist with significant effort.
There is a stone staircase leading up here.
The ogre barely misses you.
You climb upwards.
There is a stone staircase leading down here.
The ogre hits you with a giant club!
You die...

...#
#..#.#.##.#.#.....#)###
####
##.#.#..[.#.#.......###
#.#.######.#..##......
#.#........#..##..####
#.##########.###..#...
#............###..#.##
##.##....###.......#.##
#.#...##.###.#####.....
###.....@..#.....# ###.#.
#......O#..#.....# #.#.
#.#........#.....# #...
#.#...).#.##.....#######.
#.#.##..#.##.....##......
#.#.##..#.#########.#####
#<........####### #.#
######.##.......# #.#
#......(#.###.# #.#


You could see an ogre.

Vanquished Creatures
  An adder (D:2)
  3 worms
  A ball python (D:2)
  5 bats
  2 giant cockroaches
  4 hobgoblins
  A quokka (D:2)
  2 giant geckos
  2 giant newts (D:2)
  10 goblins
  3 kobolds
  5 rats
39 creatures vanquished.

Notes
Turn   | Place    | Note
--------------------------------------------------------------
     0 | D:1      | pyrostar991 the Troll Monk began the quest for the Orb.
     0 | D:1      | Reached XP level 1. HP: 22/22 MP: 0/0
    86 | D:1      | Reached XP level 2. HP: 29/29 MP: 1/1
   888 | D:2      | Reached XP level 3. HP: 32/36 MP: 2/2
   962 | D:2      | Found an ancient bone altar of Kikubaaqudgha.
  1576 | D:3      | Noticed Ijyb
  1579 | D:3      | Noticed an ogre
  1645 | D:2      | Slain by an ogre

Vault maps used:
D:1:      erik_arrival_blinker_ship
D:2:      overflow_temple_1_default, minivault_5, minmay_statues_item
D:3:      grunt_dithmenos_smoke, hangedman_abyss_or_decor_stabs,
          serial_park_tiny_1, uniq_sigmund, uniq_iyjb, uniq_robin, uniq_jessica

Action                   || total
-------------------------++-------
Melee: Unarmed           ||   100
 Stab: Sleeping          ||     1
  Eat: Chunk             ||     3
       Meat ration       ||     2
